 Seeded DCSS version 0.28-a0-906-g0406aca7d3 (webtiles) character file.

Game seed: 20211124 (custom seed)

49543 a11behringer the Bludgeoner (level 14, -13/126 HPs)
             Began as a Minotaur Berserker on Nov 24, 2021.
             Was an Elder of Trog.
             Killed from afar by a frost giant (38 damage)
             ... with a bolt of cold
             ... on level 13 of the Dungeon.
             The game lasted 01:02:29 (14805 turns).

a11behringer the Bludgeoner (Minotaur Berserker)   Turns: 14805, Time: 01:02:30

Health: -13/126    AC: 28    Str: 30    XL:     14   Next: 16%
Magic:  4/4        EV: 10    Int:  4    God:    Trog [****..]
Gold:   964        SH:  5    Dex: 10    Spells: 13/13 levels left

rFire   + + .      SeeInvis .   i - +11 broad axe "Giant's Undoing" {antimagic, rElec Str+3}
rCold   . . .      Faith    .   O - +0 buckler
rNeg    . . .      Spirit   .   l - +2 plate armour
rPois   .          Reflect  .   Z - +2 hat
rElec   +          Harm     .   A - +2 cloak
rCorr   .          Rampage  .   b - +0 pair of gloves
Will    +++..                   f - +0 pair of boots
Stlth   ..........              D - amulet of Jealousy {Fly rF+ Regen+ Slay+3}
HPRegen 2.31/turn               Q - ring of protection from fire
MPRegen 0.09/turn               (no ring)

@: strong-willed, on berserk cooldown, flying, regenerating, slowed, very slow
A: horns 2, retaliatory headbutt
a: Renounce Religion, Berserk, Trog's Hand, Brothers in Arms


You were on level 13 of the Dungeon.
You worshipped Trog.
Trog was greatly pleased with you.
You visited 1 branch of the dungeon, and saw 13 of its levels.
You also visited: Bailey.

You collected 964 gold pieces.

Inventory:

Hand Weapons
 i - the +11 broad axe "Giant's Undoing" (weapon) {antimagic, rElec Str+3}
   (You took it off a centaur warrior on level 12 of the Dungeon)

   It reduces the magical energy of the wielder, and disrupts the spells and
   magical abilities of those it strikes.
   Natural abilities and divine invocations are not affected.
   Str:       It affects your strength (+3).
   rElec:     It insulates you from electricity.
 v - a +0 shortbow
 F - a +2 morningstar of holy wrath
 Y - a +0 longbow
Missiles
 n - 79 boomerangs (quivered)
 w - 400 arrows
 y - 3 javelins
 E - 5 throwing nets
 V - 5 boomerangs of dispersal
Armour
 b - a +0 pair of gloves (worn)
 f - a +0 pair of boots (worn)
 l - a +2 plate armour (worn)
 A - a +2 cloak (worn)
 O - a +0 buckler (worn)
 R - the +3 hat of Pondering {ponderous, Will+ MP+10 Int+5}
   (You found it on level 10 of the Dungeon)

   Int:       It affects your intelligence (+5).
   MP:        It affects your magic capacity (+10).
   Will:      It increases your willpower.
 W - a +2 kite shield
 Z - a +2 hat (worn)
Jewellery
 g - a +4 ring of slaying
 D - the amulet of Jealousy (around neck) {Fly rF+ Regen+ Slay+3}
   (You took it off a wight on level 8 of the Dungeon)

   [amulet of regeneration]

   Slay:      It affects your accuracy & damage with ranged weapons and melee
   (+3).
   rF:        It protects you from fire.
   Fly:       It grants you flight.
   Regen:     It increases your rate of health regeneration.
 N - an amulet of reflection
 Q - a ring of protection from fire (left hand)
 S - an amulet of guardian spirit
Wands
 a - a wand of charming (8)
 h - a wand of iceblast (2)
 L - a wand of flame (20)
 P - a wand of polymorph (21)
Scrolls
 c - 3 scrolls of fear
 e - 2 scrolls of identify
 r - 5 scrolls of teleportation
 B - a scroll of magic mapping
 H - 2 scrolls of immolation
 U - 2 scrolls of vulnerability
Potions
 d - 3 potions of attraction
 k - 2 potions of curing
 p - 3 potions of might
 q - 2 potions of cancellation
 s - 2 potions of lignification
 t - 2 potions of invisibility
 u - 4 potions of mutation
 x - a potion of flight {unknown}
 z - 6 potions of haste
 G - 2 potions of magic
 I - 2 potions of resistance
 M - a potion of ambrosia


   Skills:
 - Level 12.0 Fighting
 * Level 9.1(14.3) Axes
 - Level 17.4(18.2) Maces & Flails
 - Level 2.1(2.6) Slings
 - Level 3.3 Bows
 - Level 2.1(2.5) Throwing
 - Level 16.8 Armour
 - Level 4.2 Dodging
 - Level 5.3 Shields
 - Level 1.6 Evocations


You had 13 spell levels left.
You didn't know any spells.
Your spell library was empty.

Dungeon Overview and Level Annotations

Branches:
Dungeon (13/15)            Temple (0/1) D:7            Lair (0/6) D:9
    Orc (0/2) D:10         Vaults (0/5) D:13         Bailey (visited)

Altars:
Ashenzari
Cheibriados
Fedhas
Gozag
Kikubaaqudgha
Makhleb
Ru
Sif Muna
Vehumet
Wu Jian
Xom
Yredelemnul
Zin

Shops:
D:13 *

Annotations:
D:4 1 runed translucent door, pigah's ghost, amateur OpWn
D:12 2 runed translucent doors


Innate Abilities, Weirdness & Mutations

You have a pair of horns on your head.
You reflexively headbutt those who attack you in melee.


Message History

Your headbutt misses the fire giant.
The fire giant is heavily wounded.
You feel the effects of Trog's Hand fading.
The fire giant closely misses you.
You slash the fire giant!
The fire giant's magic leaks into the air.
You headbutt the fire giant.
The fire giant is severely wounded.
The fire giant hits you with a +0 great sword of flaming!
The fire giant burns you.
The fire giant hits you with a +0 great sword of flaming!
The fire giant burns you.
You slice the fire giant!!
The fire giant's magic leaks into the air.
The fire giant is almost dead.
The fire giant casts a spell at you. The bolt of fire hits you! You resist.
You slice the fire giant!!
You kill the fire giant!
Trog accepts your kill.
Trog appreciates your killing of a magic user.
Your base Axes skill increases to level 9!
You barely miss the frost giant.
You headbutt the frost giant, but do no damage.
The frost giant hits you with a +2 battleaxe of freezing!!
The frost giant freezes you.
You slice the frost giant!!
The frost giant's magic leaks into the air.
You headbutt the frost giant.
The frost giant is moderately wounded.
Your skin stops crawling.
You feel less strong-willed.
The frost giant falters for a moment.
The frost giant gestures at you while chanting.
The bolt of cold hits you!!
* * * LOW HITPOINT WARNING * * *
Your skin crawls.
You feel strong-willed. The frost giant casts a spell at you.
The bolt of cold hits you!!!
You die...

..........+.................#'##.
..........###.#####....##...#..#.
.#####....###.# #.........#(.#.
.#...'....'...#########.#.#.#∩.#.
.#.###....#####}:######.#.#.####.
[#.# ###### #}|C##...#.#.#.....(
.#.# #}DC#.##.#.#.#......
.#.##### ####C###.#...#######
.#.#...# ##@###.##..........
.#.#.#.# #.###...#.#########
.#.#.#.# #.##..#...# # .#.#.#.#
#...#...#.# # ^#.#.#.#
#########.# #
.#.#.#'########.....###.# #
.#.......#....'(....'...# #
.####....#.####.....#############
.........#.#..#................##


You could see a frost giant, a fire giant, an ice dragon and an ettin.

Vanquished Creatures
  A tengu reaver (D:13)
  2 fire giants (D:13)
  An ettin (D:12)
  Harold (D:7)
  A boulder beetle (D:12)
  A hydra (D:13)
  An ogre mage (D:12)
  A death knight (D:12)
  Erica (D:9)
  4 centaur warriors
  A catoblepas (D:9)
  6 two-headed ogres
  A deep troll earth mage (D:13)
  10 skeletal warriors
  A necromancer (D:12)
  3 deep elf pyromancers
  6 manticores
  2 ugly things
  3 cyclopes (D:12)
  Joseph (D:9)
  3 centaur zombies
  3 gargoyles
  4 molten gargoyles (D:9)
  3 unseen horrors
  A yaktaur (shapeshifter) (D:13)
  A freezing wraith (D:12)
  A komodo dragon (D:11)
  A kobold demonologist (D:12)
  A komodo dragon (shapeshifter) (D:13)
  6 trolls
  A slime creature (D:12)
  Prince Ribbit (D:7)
  Sigmund (D:6)
  4 yaks (D:12)
  5 wraiths
  A wyvern (D:9)
  2 shadows (D:12)
  4 steam dragons
  2 basilisks
  A warg (D:10)
  9 vampire mosquitoes (D:12)
  3 acid dragons
  A sky beast (D:6)
  2 black bears (D:6)
  13 orc warriors
  A necrophage (D:8)
  4 ogres
  9 centaurs
  4 kobold brigands
  2 phantoms (D:6)
  2 bullfrogs
  3 gnoll sergeants
  2 scorpions
  6 killer bees (D:7)
  A water moccasin skeleton (D:5)
  9 wights
  8 howler monkeys
  A lava snake (D:9)
  A bullfrog zombie (D:5)
  2 jellies
  A hound (D:6)
  7 orc priests
  Jessica (D:2)
  An iguana (D:7)
  Crazy Yiuf (D:2)
  10 orc wizards
  A centaur simulacrum (D:10)
  2 hound skeletons
  3 howler monkey zombies
  5 adders
  20 gnolls
  2 white imps
  An ufetubus (D:5)
  A worm (D:2)
  A dart slug (D:3)
  43 orcs
  4 bats
  8 endoplasms
  4 giant cockroaches
  12 goblins
  17 hobgoblins
  8 jackals
  31 kobolds
  2 quokkas (D:1)
  7 ball pythons
  3 frilled lizards
  6 rats
379 creatures vanquished.

Vanquished Creatures (others)
  A hobgoblin (Bailey)
1 creature vanquished.

Grand Total: 380 creatures vanquished

Notes
Turn   | Place    | Note
-------+----------+-------------------------------------------
     0 | D:1      | a11behringer the Minotaur Berserker began the quest for the
                  | Orb.
     0 | D:1      | Reached XP level 1. HP: 19/19 MP: 0/0
   579 | D:1      | Reached skill level 4 in Maces & Flails
   585 | D:1      | Reached XP level 2. HP: 18/27 MP: 1/1
   689 | D:1      | Found a faded altar of an unknown god.
  1311 | D:2      | Reached XP level 3. HP: 27/33 MP: 2/2
  1449 | D:2      | Noticed Jessica
  1452 | D:2      | Killed Jessica
  1453 | D:2      | Reached skill level 5 in Maces & Flails
  1453 | D:2      | Reached XP level 4. HP: 36/41 MP: 3/3
  1718 | D:2      | Reached ** piety under Trog
  2038 | D:2      | Found a runed translucent door.
  2039 | D:2      | Noticed Crazy Yiuf
  2185 | D:2      | Killed Crazy Yiuf
  2372 | D:3      | Reached XP level 5. HP: 43/47 MP: 4/4
  2788 | D:3      | Found a shimmering blue altar of Sif Muna.
  2804 | D:3      | Reached skill level 6 in Maces & Flails
  2880 | D:3      | Found an ancient bone altar of Kikubaaqudgha.
  3248 | D:4      | Noticed an orc warrior
  3260 | D:4      | Killed an orc warrior
  3261 | D:4      | Reached skill level 5 in Fighting
  3261 | D:4      | Reached XP level 6. HP: 28/56 MP: 5/5
  3508 | D:4      | Found a runed translucent door.
  3508 | D:4      | Noticed pigah's ghost (amateur OpWn)
  3622 | D:4      | Found an opulent altar of Gozag.
  3847 | D:4      | Reached skill level 7 in Maces & Flails
  4248 | D:5      | Entered Level 5 of the Dungeon
  4431 | D:5      | Reached XP level 7. HP: 44/61 MP: 6/6
  4671 | D:5      | Reached skill level 8 in Maces & Flails
  4671 | D:5      | Reached skill level 5 in Armour
  4947 | D:5      | Found a snail-covered altar of Cheibriados.
  4950 | D:5      | Found an ornate altar of the Wu Jian Council.
  4955 | D:5      | Found a basalt altar of Yredelemnul.
  5133 | D:6      | Reached XP level 8. HP: 70/70 MP: 7/7
  5159 | D:6      | Reached skill level 9 in Maces & Flails
  5543 | D:6      | Found a radiant altar of Vehumet.
  5680 | D:6      | Reached *** piety under Trog
  5758 | D:6      | Noticed Sigmund
  5774 | D:6      | Killed Sigmund
  5775 | D:6      | Reached skill level 10 in Maces & Flails
  6160 | D:6      | Found an iron altar of Okawaru.
  6162 | D:6      | Found a shadowy altar of Dithmenos.
  6162 | D:6      | Found a bloodstained altar of Trog.
  6164 | D:6      | Found a broken altar of Ashenzari.
  6164 | D:6      | Found a glowing golden altar of the Shining One.
  6164 | D:6      | Found a shimmering altar of Xom.
  6607 | D:7      | Noticed Prince Ribbit
  6636 | D:7      | Reached XP level 9. HP: 10/77 MP: 8/8
  6649 | D:7      | Killed Prince Ribbit
  6883 | D:7      | Found a staircase to the Ecumenical Temple.
  7046 | D:7      | Reached skill level 11 in Maces & Flails
  7051 | D:7      | Reached skill level 10 in Armour
  7229 | D:7      | Found a sacrificial altar of Ru.
  7535 | D:7      | Noticed Harold
  7542 | D:7      | Killed Harold
  8166 | D:8      | Reached XP level 10. HP: 85/86 MP: 9/9
  8228 | D:8      | Reached skill level 12 in Maces & Flails
  8354 | D:8      | Identified the amulet of Jealousy {Fly rF+ Regen+ Slay+3}
  8468 | D:8      | Found a glowing silver altar of Zin.
  8662 | D:8      | Found a burning altar of Makhleb.
  8888 | D:8      | Found a broken altar of Ashenzari.
  8952 | D:9      | Found a blossoming altar of Fedhas.
  8970 | D:9      | Reached **** piety under Trog
  9017 | D:9      | Noticed a two-headed ogre
  9023 | D:9      | Killed a two-headed ogre
  9049 | D:9      | Found a flagged portal.
  9057 | Bailey   | Entered a bailey
  9094 | Bailey   | Reached skill level 13 in Maces & Flails
  9437 | D:9      | Noticed a molten gargoyle
  9437 | D:9      | Noticed a two-headed ogre
  9443 | D:9      | Killed a two-headed ogre
  9448 | D:9      | Killed a molten gargoyle
  9449 | D:9      | Noticed a molten gargoyle
  9463 | D:9      | Killed a molten gargoyle
  9499 | D:9      | Reached skill level 14 in Maces & Flails
  9548 | D:9      | Found a staircase to the Lair.
  9561 | D:9      | Noticed Joseph
  9577 | D:9      | Killed Joseph
  9700 | D:9      | Reached skill level 1 in Evocations
  9700 | D:9      | Reached XP level 11. HP: 95/95 MP: 10/10
  9874 | D:9      | Noticed a two-headed ogre
  9881 | D:9      | Killed a two-headed ogre
  9882 | D:9      | Reached XP level 12. HP: 96/103 MP: 11/11
  9941 | D:9      | Reached skill level 15 in Maces & Flails
  9943 | D:9      | Noticed Erica
 10032 | D:9      | Killed Erica
 10447 | D:10     | Entered Level 10 of the Dungeon
 10643 | D:10     | Noticed a centaur warrior
 10651 | D:10     | Killed a centaur warrior
 10657 | D:10     | Noticed a centaur warrior
 10668 | D:10     | Killed a centaur warrior
 10811 | D:10     | Found the +3 hat of Pondering {ponderous, Will+ MP+10
                  | Int+5}
 10850 | D:10     | Noticed a two-headed ogre
 10859 | D:10     | Killed a two-headed ogre
 10915 | D:10     | Reached skill level 16 in Maces & Flails
 11027 | D:10     | Found a staircase to the Orcish Mines.
 11299 | D:9      | Noticed a catoblepas
 11307 | D:9      | Killed a catoblepas
 11799 | D:11     | Reached skill level 15 in Armour
 11811 | D:11     | Reached skill level 10 in Fighting
 11944 | D:11     | Noticed a two-headed ogre
 11947 | D:11     | Killed a two-headed ogre
 11948 | D:11     | Reached XP level 13. HP: 100/113 MP: 12/12
 12165 | D:11     | Reached skill level 17 in Maces & Flails
 12560 | D:12     | Found a runed translucent door.
 12669 | D:12     | Identified the +11 broad axe "Giant's Undoing" {antimagic,
                  | rElec Str+3}
 12919 | D:12     | Found a runed translucent door.
 12933 | D:12     | Found a runed translucent door.
 12933 | D:12     | Noticed an ettin
 12935 | D:12     | Found a runed translucent door.
 12956 | D:12     | Reached skill level 1 in Axes
 13067 | D:12     | Found an ancient bone altar of Kikubaaqudgha.
 13238 | D:12     | Killed an ettin
 13276 | D:12     | Reached skill level 5 in Shields
 13521 | D:13     | Found Koxzeim's Neck Hole.
 13588 | D:13     | Noticed an ettin
 13588 | D:13     | Noticed a fire giant
 13588 | D:13     | Noticed a tengu reaver
 13589 | D:13     | Noticed a fire giant
 13704 | D:13     | Found a runed translucent door.
 13706 | D:13     | Noticed a fire giant
 13706 | D:13     | Noticed a frost giant
 13750 | D:13     | Reached skill level 5 in Axes
 13758 | D:13     | Found a gate to the Vaults.
 13844 | D:13     | Reached XP level 14. HP: 56/126 MP: 4/13
 14787 | D:13     | Killed a tengu reaver
 14791 | D:13     | Killed a fire giant
 14796 | D:13     | Identified the +3 battleaxe "Vattog" {spect, rPois Int+2
                  | Dex+3 Stlth+}
 14802 | D:13     | Killed a fire giant
 14805 | D:13     | Killed from afar by a frost giant

Illustrated notes

Levels and vault maps discovered:
D:1:      psy_arrival_radial01, layout_loops_corners,
          hellmonk_ecumenical_altar_leap_of_faith
D:2:      layout_loops_cross, uniq_jessica, uniq_crazy_yiuf_cottage
D:3:      layout_basic, mainiacjoe_overflow_six_doors_small,
          nicolae_overflow_hidden_temple
D:4:      layout_loops_ring, nicolae_overflow_crystal_walls,
          gammafunk_ghost_grave, feat_on_display
D:5:      layout_cave_pools, grunt_temple_overflow_diamond
D:6:      layout_loops_corners, amcnicky_altar_gilded, doesnt_xom_only_xom,
          uniq_sigmund
D:7:      kennysheep_big_flooded_room, layout_basic, hangedman_ru_absence,
          minmay_temple_entry_statues_pillars, minmay_misc_feat_room,
          uniq_harold, uniq_prince_ribbit1
D:8:      layout_loops_ring, mainiacjoe_overflow_24_doors,
          mainiacjoe_overflow_alcove_4, makhleb_blood_cavern_becter
D:9:      cheibrodos_elevator_heist, layout_long_grid,
          fedhas_bush_and_centaur_altar, lair_entry_dummy, enter_bailey_3,
          minivault_8, uniq_erica, uniq_joseph
D:10:     nzn_winding_woodlands_medium [nzn_winding_woodlands_5x5_perimeter,
          nzn_winding_woodlands_5x15_concentric,
          nzn_winding_woodlands_5x5_checkerboard,
          nzn_winding_woodlands_5x5_cross,
          nzn_winding_woodlands_center_triple_pond,
          nzn_winding_woodlands_hourglass, nzn_winding_woodlands_5x5_default,
          nzn_winding_woodlands_5x15_crooked,
          nzn_winding_woodlands_5x5_closed_star], layout_long_grid, david_orc_3
D:11:     layout_basic
D:12:     minmay_the_grid_triangle_9x9_line_8_mashed
          [minmay_the_grid_triangle_9x9_swiss_cheese,
          minmay_the_grid_triangle_9x9_subtriangle,
          minmay_the_grid_triangle_9x9_longest,
          minmay_the_grid_triangle_9x9_stretched_checkered,
          minmay_the_grid_triangle_9x9_corruption,
          minmay_the_grid_triangle_9x9_fully_insulated_deathbox,
          minmay_the_grid_triangle_9x9_windchime,
          minmay_the_grid_triangle_9x9_prize_insulated], layout_rooms,
          kiku_gazebo_garden_becter
D:13:     minmay_gate_of_8, layout_basic, david_vaults_4,
          nicolae_shop_sticking_my_neck_out

Skill      XL: |  1  2  3  4  5  6  7  8  9 10 11 12 13 14 |
---------------+-------------------------------------------+-----
Maces & Flails | 4 5 6 7 8 10 11 14 16 17 | 17.4
Fighting       | 4 5 6 7 8 10 12 | 12.0
Armour         | 3 4 6 8 11 13 15 16 | 16.8
Slings         | 2 |  2.1
Bows           | 3 |  3.3
Throwing       | 2 |  2.1
Dodging        | 4 |  4.2
Shields        | 2 5 |  5.3
Evocations     | 1 |  1.6
Axes           | 7 9 |  9.1

Action                   |  1- 3 |  4- 6 |  7- 9 | 10-12 | 13-15 || total
-------------------------+-------+-------+-------+-------+-------++-------
Melee: Mace              |    58 |     2 |       |       |       ||    60
       Headbutt          |    11 |    22 |    63 |    72 |    77 ||   245
       Whip              |       |   169 |   272 |       |       ||   441
       Morningstar       |       |       |    15 |   364 |   227 ||   606
       Broad axe         |       |       |       |       |    59 ||    59
Invok: Berserk           |       |     3 |     5 |     9 |     8 ||    25
       Trog's Hand       |       |     2 |     7 |     8 |     9 ||    26
  Use: Scroll            |       |     9 |     5 |     7 |     6 ||    27
       Potion            |       |       |     1 |     1 |     1 ||     3
Armor: Animal skin       |     3 |       |       |       |       ||     3
       Chain mail        |     8 |    81 |       |       |       ||    89
       Plate armour      |       |     4 |   176 |   268 |   208 ||   656
Dodge: Dodged            |    37 |    66 |    84 |   145 |    91 ||   423
Block: Buckler           |       |       |       |       |    49 ||    49

Table legend: (Time is in decaauts)
 A = Elapsed time spent in this place.
 B = Non-inter-level travel time spent in this place.
 C = Inter-level travel time spent in this place.
 D = Time resting spent in this place.
 E = Time spent auto-exploring this place.
 F = Levels seen in this place.
 G = Mean time per level.
                   A        B        C        D        E       F      G
               +--------+--------+--------+--------+--------+-----+--------+
         Total |  14742 |  13066 |   1676 |      0 |  10615 |  14 | 1053.0 |
       Dungeon |  14376 |  12700 |   1676 |      0 |  10516 |  13 | 1105.8 |
        Bailey |    366 |    366 |      0 |      0 |     99 |   1 |  366.0 |
               +--------+--------+--------+--------+--------+-----+--------+

Top non-repeatable levels by time:
     D:7: 1615 daAuts
    D:13: 1385 daAuts
     D:6: 1342 daAuts
     D:9: 1331 daAuts
     D:1: 1290 daAuts
    D:10: 1135 daAuts
    D:12: 1107 daAuts
     D:4: 991 daAuts
     D:3: 983 daAuts
     D:2: 982 daAuts
     D:5: 866 daAuts
     D:8: 808 daAuts
    D:11: 536 daAuts
  Bailey: 366 daAuts
